[Event "TUR-ch Veterans 2019"]
[Site "Belek"]
[Date "2019.01.25"]
[Round "6.17"]
[White "Suzan, Mehmet"]
[Black "Ersoz, Celalettin"]
[Result "1/2-1/2"]
[ECO "E20"]
[WhiteElo "1501"]
[BlackElo "1261"]
[Annotator "NA"]
[PlyCount "98"]
[EventDate "2019.01.20"]
[EventType "swiss"]
[EventCountry "TUR"]
[SourceTitle "playchess.com"]
[Source "ChessBase"]
[SourceQuality "1"]
[TimeControl "5400+30"]

1. d4 Nf6 2. c4 e6 3. Nc3 Bb4 4. Bd2 b6 5. a3 Bxc3 6. Bxc3 Bb7 7. e3 d6 8. b3 O-O 9. Nf3 Nbd7 10. Bd3 e5 11. Bc2 Re8 12. O-O e4 13. Nd2 Rc8 14. Re1 Nf8 15. Nf1 Ng6 16. Ng3 Qd7 17. b4 Qg4 18. Qxg4 Nxg4 19. h3 Nf6 20. a4 d5 21. c5 Ne7 22. Rec1 Ra8 23. Bd1 a6 24. Be2 a5 25. b5 Bc8 26. Rc2 Be6 27. Rac1 Rec8 28. Bb2 Ng6 29. Ba3 Nf8 30. Nh5 Nxh5 31. Bxh5 g6 32. Bg4 f5 33. Be2 Bd7 34. f3 Ne6 35. fxe4 fxe4 36. h4 h5 37. g4 Ng7 38. gxh5 Nxh5 39. Bxh5 gxh5 40. cxb6 cxb6 41. Rxc8+ Rxc8 42. Rxc8+ Bxc8 43. Bd6 Bg4 44. Bc7 Bd1 45. Bxb6 Bxa4 46. Bxa5 Bxb5 47. Kg2 Kf7 48. Kg3 Ke6 49. Kf4 Be2 1/2-1/2

[Event "TUR-ch Veterans 2019"]
[Site "Belek"]
[Date "2019.01.25"]
[Round "6.18"]
[White "Yilmaz, Huseyin"]
[Black "Saglam, Sami"]
[Result "1-0"]
[ECO "D38"]
[WhiteElo "1321"]
[BlackElo "1424"]
[Annotator "NA RC"]
[PlyCount "65"]
[EventDate "2019.01.20"]
[EventType "swiss"]
[EventCountry "TUR"]
[SourceTitle "playchess.com"]
[Source "ChessBase"]
[SourceQuality "1"]
[TimeControl "5400+30"]

1. d4 d5 2. c4 e6 3. Nf3 Nf6 4. Nc3 Bb4 5. a3 Bxc3+ 6. bxc3 h6 7. Bf4 dxc4 8. Qa4+ Nbd7 9. Qxc4 Nd5 10. Bd2 O-O 11. e4 N5b6 12. Qb3 Nf6 13. Bd3 c6 14. e5 Nfd7 15. Rd1 Qe7 16. Bb1 Rd8 17. Qc2 Nf8 18. a4 Qa3 19. O-O Qxa4 20. Qe4 Qc4 21. Qg4 f5 22. exf6 Rd7 23. Ne5 Qd5 24. Nxd7 Qxd7 25. Bxh6 e5 26. Qg5 Qf7 27. dxe5 Nd5 28. c4 Nc7 29. Bxg7 Nce6 30. Qg3 Nxg7 31. Rd8 a5 32. Bg6 Qc7 33. f7+ 1-0

[Event "TUR-ch Veterans 2019"]
[Site "Belek"]
[Date "2019.01.25"]
[Round "6.19"]
[White "Tekeli, Savran"]
[Black "Turkucu, Eyup"]
[Result "1-0"]
[ECO "B07"]
[WhiteElo "1478"]
[BlackElo "1214"]
[Annotator "NA"]
[PlyCount "125"]
[EventDate "2019.01.20"]
[EventType "swiss"]
[EventCountry "TUR"]
[SourceTitle "playchess.com"]
[Source "ChessBase"]
[SourceQuality "1"]
[TimeControl "5400+30"]

1. e4 d6 2. f4 e6 3. Nf3 Be7 4. d4 Nd7 5. Bd3 b6 6. c4 Bb7 7. Nc3 Ngf6 8. O-O c6 9. h3 h6 10. Be3 Nf8 11. Qd2 N8h7 12. b3 Qc7 13. d5 cxd5 14. cxd5 e5 15. Rac1 exf4 16. Bxf4 Nh5 17. Bb5+ Kf8 18. g4 Nxf4 19. Qxf4 g5 20. Qe3 a6 21. Bd3 Bf6 22. Ne2 Qe7 23. Qxb6 Kg7 24. Rc7 Qd8 25. Qxb7 Rf8 26. Rfc1 Bb2 27. R1c2 Ba3 28. Kg2 Nf6 29. Ned4 Kg8 30. Nf5 Rb8 31. Qc6 Ne8 32. Rc8 Rxc8 33. Qxc8 Qf6 34. Qxa6 Bb2 35. Qb7 Ng7 36. Qd7 Nxf5 37. Qxf5 Kg7 38. e5 Qxf5 39. Bxf5 Bxe5 40. Nd2 Kf6 41. Nc4 Bf4 42. Re2 h5 43. Kf3 Rh8 44. Nb2 Rb8 45. Nd3 Be5 46. Nxe5 dxe5 47. Rc2 Rd8 48. Rc6+ Kg7 49. Ke4 f6 50. Rc7+ Kg8 51. gxh5 Rb8 52. Be6+ Kh8 53. d6 Rb4+ 54. Bc4 Rb8 55. d7 f5+ 56. Kxe5 g4 57. Rc8+ Kg7 58. Rxb8 gxh3 59. Kxf5 h2 60. Bd5 h1=Q 61. Bxh1 Kh6 62. a4 Kxh5 63. Rh8# 1-0

[Event "TUR-ch Veterans 2019"]
[Site "Belek"]
[Date "2019.01.25"]
[Round "6.20"]
[White "Altin, Halis"]
[Black "Atas, Remzi"]
[Result "1-0"]
[ECO "B13"]
[WhiteElo "1642"]
[BlackElo "1477"]
[Annotator "NA"]
[PlyCount "85"]
[EventDate "2019.01.20"]
[EventType "swiss"]
[EventCountry "TUR"]
[SourceTitle "playchess.com"]
[Source "ChessBase"]
[SourceQuality "1"]
[TimeControl "5400+30"]

1. e4 c6 2. d4 d5 3. exd5 cxd5 4. Nf3 Nc6 5. Nc3 Nf6 6. Be2 Bf5 7. a3 e6 8. h3 h6 9. Be3 Bd6 10. O-O O-O 11. Bd3 Bxd3 12. Qxd3 a6 13. Rfe1 Rc8 14. Re2 Qc7 15. Rae1 Na5 16. Nb1 Nc4 17. Bc1 Ne4 18. b3 Nb6 19. c4 Nd7 20. c5 Bf4 21. Bxf4 Qxf4 22. Nbd2 Ndf6 23. Qe3 Qc7 24. Nxe4 Nxe4 25. Ne5 f5 26. f3 f4 27. Qd3 Ng3 28. Rc2 Rf6 29. Ng4 Qf7 30. Nxf6+ Qxf6 31. b4 Nf5 32. Rd2 Re8 33. a4 Qg5 34. b5 axb5 35. axb5 Qg3 36. Rc1 Rc8 37. Qe2 Ne3 38. c6 Kf7 39. Ra2 bxc6 40. b6 Nc4 41. Ra7+ Kf6 42. Rxc4 dxc4 43. Qe5+ 1-0

[Event "TUR-ch Veterans 2019"]
[Site "Belek"]
[Date "2019.01.26"]
[Round "7.1"]
[White "Cetinkaya, Vedat Ali"]
[Black "Yasin, Hur"]
[Result "1-0"]
[ECO "D37"]
[WhiteElo "2056"]
[BlackElo "2004"]
[Annotator "NA"]
[PlyCount "84"]
[EventDate "2019.01.20"]
[EventType "swiss"]
[EventCountry "TUR"]
[SourceTitle "playchess.com"]
[Source "ChessBase"]
[SourceQuality "1"]
[TimeControl "5400+30"]

1. d4 Nf6 2. c4 e6 3. Nc3 d5 4. e3 Be7 5. Nf3 O-O 6. Bd3 c5 7. O-O dxc4 8. Bxc4 a6 9. a4 Nc6 10. Qd3 {[%emt 0:04:30] LiveBook: 3 Games D37: Queen's Gambit Declined: 5 Bf4} (10. dxc5 Bxc5 11. Qe2 Qc7 12. h3 b6 13. e4 Nd4 14. Nxd4 Bxd4 15. Rd1 Bxc3 16. bxc3 Bb7 17. Bd3 Rfd8 18. Bb2 Nd7 {½-½ (31) Postny,E (2575)-Brkic,A (2573) Austria 2017}) 10... b6 11. Rd1 Bb7 12. Qe2 Qc7 13. Bd2 $146 ({Predecessor:} 13. Ng5 Nb4 14. Na2 b5 15. Nxb4 bxc4 16. Nc2 Rac8 17. h3 cxd4 18. Nxd4 {½-½ (55) Morris,J (2114)-Solomon,S (2455) Gold Coast 2009}) 13... Rfd8 14. Be1 cxd4 15. exd4 Ng4 (15... Bd6 $15) 16. g3 Nf6 17. Rac1 Na5 18. Ba2 $1 Qd6 {[%emt 0:02:30] [#]} (18... Qd7 $11 {keeps the balance.}) 19. Ne5 (19. b4 $1 $16 ) 19... Rac8 20. f3 Nc6 21. Bf2 Qb4 $2 (21... Nb4 $11) 22. Nxf7 Kxf7 23. Qxe6+ Ke8 24. Qf7+ Kd7 25. d5 Kc7 26. dxc6 Rxd1+ 27. Rxd1 Bxc6 28. Rd4 Qc5 29. Re4 Kd8 $18 30. Rxe7 Qxe7 31. Bxb6+ Rc7 32. Qxe7+ Kxe7 33. Bxc7 Bxf3 34. Bc4 Bb7 35. Be5 g6 36. Bxf6+ Kxf6 37. Kf2 Ke5 38. Ke3 h6 39. b4 g5 40. Bd3 Bc8 41. a5 h5 42. Ne4 Kd5 1-0

[Event "TUR-ch Veterans 2019"]
[Site "Belek"]
[Date "2019.01.26"]
[Round "7.2"]
[White "Aysoy, Veysi"]
[Black "Korkmaz, Turhan"]
[Result "1-0"]
[ECO "B83"]
[WhiteElo "1933"]
[BlackElo "1977"]
[Annotator "NA"]
[PlyCount "79"]
[EventDate "2019.01.20"]
[EventType "swiss"]
[EventCountry "TUR"]
[SourceTitle "playchess.com"]
[Source "ChessBase"]
[SourceQuality "1"]
[TimeControl "5400+30"]

1. e4 c5 2. Nc3 d6 3. Nge2 Nc6 4. d4 cxd4 $1 5. Nxd4 Nf6 6. Be2 e6 7. Be3 Be7 {[%emt 0:02:30] LiveBook: 827 Games} 8. O-O O-O 9. g3 $146 {[%emt 0:05:30] B83: Sicilian Scheveningen: 6 Be2, lines without ...a6} ({Predecessor:} 9. Qd2 a6 10. a4 Qc7 11. f4 {½-½ (11) Neiksans,A (2607)-Van Wely,L (2653) Jurmala 2016}) 9... e5 10. Nb3 Be6 11. f4 Bh3 12. Rf2 Qd7 13. f5 g6 (13... d5 $14 14. exd5 Nb4) 14. Qd3 a5 15. Bg5 Nb4 16. Qd2 Rfc8 17. Bxf6 Bxf6 18. fxg6 Bg7 19. gxf7+ Kh8 20. a3 Nc6 21. Nd5 Qd8 22. a4 Nb4 23. Nxb4 axb4 24. a5 Qc7 25. Bf1 Be6 26. Qxb4 Bxf7 27. a6 bxa6 28. Rxa6 Rxa6 29. Bxa6 Rb8 30. Rxf7 Qd8 31. Rb7 Rc8 32. Rxg7 Kxg7 33. Bxc8 Qxc8 34. Qxd6 Qxc2 35. Qxe5+ Kh6 36. Nd4 Qd1+ 37. Kg2 Qd2+ 38. Kh3 Qd3 39. Qf6+ Kh5 40. Qf3+ 1-0

[Event "TUR-ch Veterans 2019"]
[Site "Belek"]
[Date "2019.01.26"]
[Round "7.3"]
[White "Onem, Cem"]
[Black "Uzuner, Tufan Can"]
[Result "0-1"]
[ECO "A59"]
[WhiteElo "1840"]
[BlackElo "1889"]
[Annotator "NA"]
[PlyCount "110"]
[EventDate "2019.01.20"]
[EventType "swiss"]
[EventCountry "TUR"]
[SourceTitle "playchess.com"]
[Source "ChessBase"]
[SourceQuality "1"]
[TimeControl "5400+30"]

1. d4 Nf6 2. c4 c5 3. d5 b5 4. cxb5 a6 5. bxa6 g6 6. Nc3 Bxa6 7. e4 Bxf1 8. Kxf1 {[%emt 0:02:00] LiveBook: 1170 Games} d6 9. g3 Bg7 10. Kg2 O-O 11. Nge2 Nbd7 12. Bf4 {[%emt 0:01:30] A59: Benko/Volga Gambit: White castles by hand} (12. Qc2 Ra6 13. Rd1 Qa8 14. Rb1 e6 15. Nf4 exd5 16. Nfxd5 Nxd5 17. Nxd5 Rxa2 18. Ne7+ Kh8 19. Rxd6 Ne5 20. Rd5 {½-½ (34) Oms Pallisse,J (2528)-Alsina Leal,D (2527) Barcelona 2010}) 12... Qb6 13. Qc2 Rfb8 14. Rhb1 Ng4 $146 ({Predecessor:} 14... Ne8 15. a4 Nc7 16. Qd2 Ne5 17. b3 Nd7 18. h4 h5 19. Bh6 Bh8 20. Bg5 Nf6 {½-½ (67) Wan,M (1768)-Jing,W (1595) Jiaxing 2017}) 15. h3 Nge5 16. b3 Qa6 17. Rd1 Nb6 (17... c4 $11) 18. Rab1 Qb7 19. Be3 Ned7 20. a4 Ra6 21. Ra1 Na8 22. Rdb1 Nc7 23. Ra2 Rb6 24. Ra3 e6 25. dxe6 fxe6 26. f3 d5 27. exd5 exd5 28. Bf4 Ne5 29. a5 Rc6 30. Ra4 Ra6 31. Bxe5 Bxe5 32. Qd3 Qc6 33. Nf4 Bxf4 34. gxf4 d4 35. Qc4+ Kg7 36. Ne4 Rb5 37. b4 Nd5 38. Kg3 Ne3 39. Qd3 Nf5+ 40. Kf2 c4 41. Qd2 Qd5 42. Nc5 Ra7 43. a6 $19 (43. Re1 $17) 43... Kh6 44. Re1 d3 45. Re4 Rxc5 46. bxc5 c3 47. Qxc3 d2 48. Ra1 d1=Q 49. Rxd1 Qxd1 50. Qc4 Qh1 51. c6 Qh2+ 52. Ke1 Nd6 53. Qd3 Nxe4 54. fxe4 Qxf4 55. Qc4 Re7 0-1

[Event "TUR-ch Veterans 2019"]
[Site "Belek"]
[Date "2019.01.26"]
[Round "7.4"]
[White "Buker, Muhittin"]
[Black "Ozates, Veysel"]
[Result "1-0"]
[ECO "D05"]
[WhiteElo "1978"]
[BlackElo "1550"]
[Annotator "NA RC"]
[PlyCount "63"]
[EventDate "2019.01.20"]
[EventType "swiss"]
[EventCountry "TUR"]
[SourceTitle "playchess.com"]
[Source "ChessBase"]
[SourceQuality "1"]
[TimeControl "5400+30"]

1. d4 d5 2. Nf3 Nf6 3. e3 e6 4. Bd3 c6 {[%emt 0:00:30] LiveBook: 18 Games} 5. b3 {[%emt 0:00:00] D05: Colle System with ...e6} Nbd7 6. Bb2 Be7 7. Nbd2 O-O 8. O-O b6 9. Ne5 (9. Qe2 Bb7 10. Ne5 Nxe5 11. dxe5 Nd7 12. c4 {1-0 (53) Adly,A (2589)-Thorhallsson,T (2426) Tromsoe 2014}) 9... Nxe5 10. dxe5 Nd7 11. Qh5 $146 g6 12. Qh6 Re8 13. f4 Bf8 14. Qh3 Bg7 15. Nf3 Bb7 16. Ng5 h6 17. Nf3 Nc5 18. Nd4 Nxd3 19. cxd3 a6 20. Nf3 Rc8 21. Rac1 c5 22. Qg3 Qd7 23. h3 Qb5 24. Rfd1 Qa5 25. a4 Qb4 $14 (25... b5 $15) 26. Nd2 d4 27. Rc4 Qa5 28. exd4 Bd5 29. Bc3 Bxc4 30. Bxa5 bxa5 31. Nxc4 cxd4 32. Nd6 1-0

[Event "TUR-ch Veterans 2019"]
[Site "Belek"]
[Date "2019.01.26"]
[Round "7.5"]
[White "Tozaki, Halil"]
[Black "Azizoglu, Ayhan"]
[Result "1/2-1/2"]
[ECO "E61"]
[WhiteElo "1930"]
[BlackElo "1861"]
[Annotator "NA"]
[PlyCount "134"]
[EventDate "2019.01.20"]
[EventType "swiss"]
[EventCountry "TUR"]
[SourceTitle "playchess.com"]
[Source "ChessBase"]
[SourceQuality "1"]
[TimeControl "5400+30"]

1. Nf3 Nf6 2. d4 g6 3. c4 Bg7 4. Nc3 O-O 5. Bf4 d6 6. e3 Nc6 {[%emt 0:01:30] LiveBook: 35 Games} 7. d5 {[%emt 0:00:30] E61: King's Indian: Early deviations for White, including Smyslov System} (7. h3 Nd7 8. Be2 h6 9. O-O e5 10. Bh2 Re8 11. Rc1 exd4 12. Nxd4 Nde5 13. Nf3 a5 14. Qd2 Nxf3+ 15. Bxf3 {0-1 (78) Georgiev,K (2623)-Melkumyan,H (2633) Riadh 2017}) 7... e5 8. Bg5 Ne7 9. e4 h6 10. Bd2 $146 ({Predecessor:} 10. Be3 Nd7 11. Qd2 Kh7 12. Bd3 f5 13. exf5 Nxf5 14. h4 Nxe3 15. Qxe3 {1-0 (34) Wojciech,D (1800)-Lewandowski,A (1800) Wroclaw 2004}) 10... Ne8 11. Bd3 f5 12. h3 Nf6 13. Qc2 Kh7 14. O-O-O f4 15. Kb1 Bd7 16. Nh2 (16. Rdf1 $16) 16... g5 (16... c6 $11 {keeps the balance.}) 17. f3 Ng6 18. Ng4 h5 19. Nxf6+ Bxf6 20. Rdg1 Kg7 21. Be2 Rh8 22. Be1 Rh7 23. Bf2 a6 24. Qd1 Qe7 25. Qf1 Rah8 26. Qd1 Qd8 27. a3 Qc8 28. Ka1 Ne7 29. Qf1 Kf7 30. Qd1 Ng8 31. Qf1 Nh6 32. c5 dxc5 33. Bxc5 g4 34. hxg4 hxg4 35. Bc4 g3 36. d6+ Kg7 37. Nd5 cxd6 38. Bxd6 Nf7 39. Rxh7+ Rxh7 40. Nxf6 Kxf6 41. Bxf7 Rxf7 42. Rh1 Ke6 43. Rh6+ Rf6 44. Qh1 Qd8 45. Rh8 Be8 46. Bb4 Kd7 47. Qd1+ Kc8 48. Qxd8+ Kxd8 49. Bc3 Re6 50. Rh7 Bb5 51. Rh1 Kd7 52. Kb1 Kc6 53. b3 b6 54. Kc2 a5 55. Kb2 a4 56. b4 Bc4 57. Kc2 Kb5 58. Rh5 Bf1 59. Rxe5+ Rxe5 60. Bxe5 Bxg2 61. Bxf4 Kc4 62. e5 Bxf3 63. Bxg3 Be4+ 64. Kb2 Bf5 65. Bf2 $11 b5 66. Bc5 Be6 67. Bd6 Kd5 1/2-1/2

[Event "TUR-ch Veterans 2019"]
[Site "Belek"]
[Date "2019.01.26"]
[Round "7.6"]
[White "Ozmen, Halil Nejat"]
[Black "Guner, Bulent"]
[Result "0-1"]
[ECO "A59"]
[WhiteElo "1802"]
[BlackElo "1987"]
[Annotator "NA"]
[PlyCount "98"]
[EventDate "2019.01.20"]
[EventType "swiss"]
[EventCountry "TUR"]
[SourceTitle "playchess.com"]
[Source "ChessBase"]
[SourceQuality "1"]
[TimeControl "5400+30"]

1. d4 Nf6 2. c4 c5 3. d5 b5 4. cxb5 a6 5. bxa6 g6 6. Nc3 Bxa6 7. Nf3 Bg7 8. e4 Bxf1 9. Kxf1 d6 10. g3 Nbd7 11. h3 O-O 12. Kg2 Ra6 {[%emt 0:01:30] LiveBook: 143 Games} 13. Re1 Qa8 14. a4 {[%emt 0:01:30] A59: Benko/Volga Gambit: White castles by hand} (14. Bf4 Nh5 15. Bg5 h6 16. Bd2 Rb8 17. Qc2 Nhf6 18. b3 Ne8 19. a4 Nc7 20. Rab1 Rab6 21. Be3 Qa5 {1-0 (38) Van Wely,L (2679)-Bologan,V (2690) Bastia 2010}) 14... e6 {[%emt 0:03:30] [#]} 15. Ra3 $146 (15. dxe6 $1 $16 fxe6 16. Nb5) ({Predecessor:} 15. Nb5 Ne8 16. g4 exd5 17. exd5 Ndf6 18. Nc3 Nc7 19. Re3 Nfxd5 20. Nxd5 Nxd5 21. Rd3 Nb4 22. Re3 c4 23. Kg1 Nd3 24. Rxd3 cxd3 25. Qxd3 Rxa4 26. Rxa4 Qxa4 27. Qxd6 Qa1 {0-1 (27) Borisov,A (1996)-Vasenev,S (2284) Kazan 2010}) 15... exd5 16. exd5 (16. Nxd5 $11 Nxd5 17. Qxd5) 16... Nb6 17. Kg1 Nbxd5 18. Nxd5 Nxd5 19. Ng5 Nb4 20. Ne4 Qc6 21. Nc3 c4 22. Re2 Nd3 23. Nb5 Rc8 24. Rc2 Nxc1 25. Qxc1 d5 26. Qf4 Qc5 27. Rf3 Rf6 28. Qe3 Rxf3 29. Qxf3 d4 30. Na3 Qb4 31. Qd5 c3 32. a5 Rf8 33. Kg2 cxb2 34. Nb1 d3 35. Qxd3 Qxa5 36. Re2 Qa8+ 37. f3 Rd8 38. Qb3 Rb8 39. Qd3 Qc6 40. h4 h5 41. Rc2 Qb6 42. Re2 Rd8 43. Qc2 Bf6 $19 44. Rd2 Rxd2+ 45. Qxd2 Qd4 46. Qe1 Qd3 47. Qe8+ Kg7 48. Qe1 Qc2+ 49. Kh3 Qc1 0-1

[Event "TUR-ch Veterans 2019"]
[Site "Belek"]
[Date "2019.01.26"]
[Round "7.7"]
[White "Hatipoglu, Metin"]
[Black "Tofan, Ibrahim"]
[Result "0-1"]
[ECO "A40"]
[WhiteElo "1680"]
[BlackElo "2070"]
[Annotator "NA"]
[PlyCount "118"]
[EventDate "2019.01.20"]
[EventType "swiss"]
[EventCountry "TUR"]
[SourceTitle "playchess.com"]
[Source "ChessBase"]
[SourceQuality "1"]
[TimeControl "5400+30"]

1. e4 g6 2. d4 Bg7 3. c4 e6 4. Nc3 Ne7 {[%emt 0:00:00] A40: Unusual replies to 1 d4} 5. Nf3 d5 {[%emt 0:01:00] LiveBook: 44 Games} 6. Bd3 dxc4 $146 ({Predecessor:} 6... dxe4 7. Bxe4 Nbc6 8. d5 exd5 9. cxd5 Ne5 10. Nxe5 Bxe5 11. O-O O-O 12. Re1 {½-½ (66) Ragger,M (2632)-Malakhov,V (2694) Dubai 2014}) 7. Bxc4 a6 8. O-O b5 9. Bb3 Bb7 10. Re1 O-O 11. Bf4 Nd7 12. Qd2 c5 13. Bh6 cxd4 14. Bxg7 Kxg7 15. Qxd4+ Nf6 16. Qe5 Rc8 17. Rad1 Qc7 18. Qxc7 Rxc7 19. Nd2 Nd7 20. f3 Nc5 21. Bc2 Nc6 22. Nf1 Rfc8 23. Ne3 $11 h5 24. Rd2 Ne5 25. Red1 g5 26. Kf2 Bc6 27. Ne2 b4 28. Nd4 Ba4 29. b3 Be8 30. g3 Nc6 31. Nc4 Nxd4 32. Rxd4 Rb8 33. Ke3 Bb5 34. Nd6 a5 35. e5 Nd7 36. Nxb5 Rxb5 37. Rxd7 Rxc2 38. f4 Rbc5 39. R1d2 Kg6 40. Rxc2 Rxc2 41. Rd2 gxf4+ 42. gxf4 Rxd2 43. Kxd2 Kf5 44. Ke3 Kg4 45. Ke4 Kh3 46. Kf3 Kxh2 47. Kf2 Kh3 48. Kf3 Kh4 49. f5 Kg5 50. fxe6 fxe6 51. Kg3 h4+ 52. Kh3 Kh5 53. Kh2 Kg4 54. Kg2 h3+ 55. Kh1 Kg3 56. Kg1 h2+ 57. Kh1 Kh3 58. a4 bxa3 59. b4 a2 0-1

[Event "TUR-ch Veterans 2019"]
[Site "Belek"]
[Date "2019.01.26"]
[Round "7.8"]
[White "Taskiran, Erol"]
[Black "Sezgun, Yakup"]
[Result "0-1"]
[ECO "D85"]
[WhiteElo "1758"]
[BlackElo "1757"]
[Annotator "NA"]
[PlyCount "91"]
[EventDate "2019.01.20"]
[EventType "swiss"]
[EventCountry "TUR"]
[SourceTitle "playchess.com"]
[Source "ChessBase"]
[SourceQuality "1"]
[TimeControl "5400+30"]

1. d4 Nf6 2. c4 g6 3. Nf3 Bg7 4. Nc3 d5 5. cxd5 Nxd5 6. e4 Nxc3 7. bxc3 O-O 8. Bc4 c5 9. Be3 Nc6 10. O-O cxd4 11. cxd4 Bg4 12. e5 b6 13. h3 Bxf3 14. gxf3 e6 15. Rc1 Rc8 16. f4 Ne7 17. Bd3 Nd5 18. Be4 Qd7 19. Qb3 Rfd8 20. Bd3 Bh6 21. Ba6 Rxc1 22. Rxc1 Bxf4 23. Bxf4 Nxf4 24. Rd1 Qe7 25. Qg3 Nd5 26. a3 Nc7 27. Be2 b5 28. h4 Kh8 29. Kh2 a5 30. h5 b4 31. axb4 axb4 32. h6 Nd5 33. Ra1 Qf8 34. Qh4 Ne7 35. Bd3 Ng8 36. Rb1 Rb8 37. Kg2 Qxh6 38. Qg3 Ne7 39. Rh1 Qg7 40. Qf4 Nd5 41. Qf3 Kg8 42. Ra1 b3 43. Rb1 b2 44. Bc4 Qh6 45. Qxd5 Qg5+ 46. Kh2 0-1

[Event "TUR-ch Veterans 2019"]
[Site "Belek"]
[Date "2019.01.26"]
[Round "7.9"]
[White "Bozkir, Dursun Murat"]
[Black "Paksoy, Eray"]
[Result "1-0"]
[ECO "C14"]
[WhiteElo "1684"]
[BlackElo "1460"]
[Annotator "NA"]
[PlyCount "77"]
[EventDate "2019.01.20"]
[EventType "swiss"]
[EventCountry "TUR"]
[SourceTitle "playchess.com"]
[Source "ChessBase"]
[SourceQuality "1"]
[TimeControl "5400+30"]

1. e4 e6 2. d4 d5 3. Nc3 Nf6 4. Bg5 Be7 5. e5 Nfd7 6. Bxe7 Qxe7 7. f4 a6 8. Nf3 c5 9. Qd2 Nc6 10. Ne2 b5 11. c3 Nb6 12. Ng3 c4 13. Be2 h5 14. h4 Bd7 15. Ng5 g6 16. Bf3 O-O-O 17. O-O Kc7 18. b3 Ra8 19. Rfb1 a5 20. Be2 Rhb8 21. bxc4 Nxc4 22. Bxc4 bxc4 23. a4 Nd8 24. Ne2 Rxb1+ 25. Rxb1 Bxa4 26. Nc1 Ra7 27. Qa2 Bd1 28. Rb5 a4 29. Kf1 Rb7 30. Rc5+ Nc6 31. Ke1 Bb3 32. Nxb3 axb3 33. Qa5+ Rb6 34. Qa7+ Rb7 35. Qa5+ Kd7 36. Qa6 Nd8 37. Qa4+ Nc6 38. Qxc6+ Kd8 39. Qc8# 1-0

[Event "TUR-ch Veterans 2019"]
[Site "Belek"]
[Date "2019.01.26"]
[Round "7.10"]
[White "Yalciner, Suleyman"]
[Black "Yigit, Sadik"]
[Result "0-1"]
[ECO "B14"]
[WhiteElo "1491"]
[BlackElo "1473"]
[Annotator "NA"]
[PlyCount "65"]
[EventDate "2019.01.20"]
[EventType "swiss"]
[EventCountry "TUR"]
[SourceTitle "playchess.com"]
[Source "ChessBase"]
[SourceQuality "1"]
[TimeControl "5400+30"]

1. e4 c5 2. Nf3 Nc6 3. Bc4 e6 4. O-O Be7 5. c3 d6 6. d4 cxd4 7. cxd4 d5 8. exd5 exd5 9. Bd3 Nf6 10. Nc3 O-O 11. h3 a6 12. Bg5 h6 13. Be3 Be6 14. a3 Rc8 15. Qd2 Nh7 16. Ne2 Ng5 17. Nxg5 hxg5 18. f4 gxf4 19. Bxf4 Bf6 20. Bc2 Nxd4 21. Nxd4 Bxd4+ 22. Kh1 Bxb2 23. Rab1 Bc3 24. Qd3 g6 25. Rxb7 Bf5 26. Qd1 Bxc2 27. Qxc2 Bg7 28. Qa4 Qf6 29. Rf3 Rc4 30. Rb4 Rxb4 31. Qxb4 Qc6 32. Qe7 Re8 33. Qa7 0-1

[Event "TUR-ch Veterans 2019"]
[Site "Belek"]
[Date "2019.01.26"]
[Round "7.11"]
[White "Marthedal, Anton Mehmet Yildiz"]
[Black "Cosan, Gokmen"]
[Result "1-0"]
[ECO "C02"]
[WhiteElo "1885"]
[BlackElo "1727"]
[Annotator "NA"]
[PlyCount "55"]
[EventDate "2019.01.20"]
[EventType "swiss"]
[EventCountry "TUR"]
[SourceTitle "playchess.com"]
[Source "ChessBase"]
[SourceQuality "1"]
[TimeControl "5400+30"]

1. e4 e6 2. Nf3 d5 3. e5 c5 4. d4 cxd4 {[%emt 0:00:00] C02: French: Advance Variation} (4... Nc6 5. Bd3 Bd7 6. O-O Rc8 7. dxc5 Bxc5 8. a3 a5 9. Bf4 Nge7 10. Nbd2 Ng6 11. Bg3 O-O 12. c4 dxc4 13. Nxc4 b5 {1-0 (44) Spraggett,K (2595)-Cordova,E (2572) Barcelona 2012}) 5. a3 Nc6 6. Bd3 Qb6 (6... f6 $15 7. Qe2 Qc7 8. exf6 Nxf6) 7. b4 Bd7 8. O-O Nge7 9. Bf4 a6 10. Re1 Na7 $146 ({Predecessor:} 10... O-O-O 11. Nbd2 f6 12. Nb3 Re8 13. Qd2 fxe5 14. Nxe5 Nxe5 15. Bxe5 {½-½ (51) Vidal Fernandez,P (2057)-Morona Minguez,M (1924) Salobrena 2015}) 11. Ng5 Bb5 (11... h6 $17 12. Nf3 g5) 12. Bxh7 Rc8 13. Qh5 g6 14. Qf3 Rxc2 15. Bd2 Rxh7 16. Nxh7 Rc7 17. Nf6+ Kd8 18. Bg5 Be8 19. Qh3 Bg7 20. Ng8 Nb5 (20... d3 $142 21. Nxe7 Rxe7) 21. Qh7 Bf8 22. Nd2 Nc3 23. Nf6 Qc6 $18 24. Qh8 Ne4 25. Ndxe4 dxe4 26. Qxf8 e3 27. Rac1 exf2+ 28. Kxf2 1-0

[Event "TUR-ch Veterans 2019"]
[Site "Belek"]
[Date "2019.01.26"]
[Round "7.13"]
[White "Cicek, Cemil"]
[Black "Yuksel, Mustafa"]
[Result "0-1"]
[ECO "A85"]
[WhiteElo "1999"]
[BlackElo "2031"]
[Annotator "NA"]
[PlyCount "106"]
[EventDate "2019.01.20"]
[EventType "swiss"]
[EventCountry "TUR"]
[SourceTitle "playchess.com"]
[Source "ChessBase"]
[SourceQuality "1"]
[TimeControl "5400+30"]

1. d4 e6 2. c4 f5 3. Nc3 Nf6 4. Nf3 Bb4 5. Bg5 Bxc3+ {[%emt 0:00:00] LiveBook: 9 Games A85: Dutch Defence: 2 c4 Nf6 3 Nc3} (5... O-O 6. e3 Bxc3+ 7. bxc3 d6 8. Be2 Nbd7 9. O-O Qe7 10. Nd2 b6 11. Bf3 Rb8 12. Bc6 h6 13. Bh4 Bb7 14. Bxb7 Rxb7 {1-0 (39) Adams,M (2740)-Bareev,E (2715) chessassistantclub.com INT 2004}) 6. bxc3 h6 7. Bc1 O-O 8. g3 b6 $146 ({Predecessor:} 8... d6 9. Bg2 Nbd7 10. O-O Ne4 11. Qb3 c5 12. Nd2 Ng5 13. f4 {½-½ (31) Benedek,Z (2204)-Heindrich,J (2126) Hungary 2010}) 9. Bg2 Bb7 10. O-O d6 11. a4 ({White should play} 11. d5 $11) 11... Ne4 12. Qb3 Nc6 13. a5 Qc8 14. axb6 axb6 15. Rxa8 Bxa8 16. Bb2 Na5 17. Qa2 {[%emt 0:01:30] [#]} Qa6 $1 18. c5 Bd5 19. Qa1 (19. c4 $142 Qxc4 20. Qxc4 Nxc4 21. cxb6) 19... Qxe2 20. cxd6 cxd6 21. Nh4 $2 (21. Ba3) 21... Ra8 22. Bc1 (22. Bxe4 $142 Bxe4 23. f3) 22... Nb3 23. Qb2 Qxb2 24. Bxb2 Ra2 25. Bc1 g5 26. Bxe4 Bxe4 27. Ng2 Rc2 28. Be3 Rxc3 29. h4 gxh4 30. Nxh4 Kh7 31. Ng2 Bxg2 32. Kxg2 Kg6 33. Rd1 b5 34. Kf3 h5 35. Ke2 b4 36. Rb1 $11 Rc2+ $2 ({Better is} 36... d5 $19 37. Kd1 Kf7 {[%mdl 64] Decoy}) 37. Kd1 Rc3 38. Rb2 $2 Kf6 39. Ke2 e5 40. dxe5+ Kxe5 41. Rb1 d5 42. Bh6 Ke4 43. Bg7 d4 44. Bh6 $19 Kd5 45. Rh1 Kc4 46. Rxh5 Rc2+ 47. Ke1 Nc5 48. Rxf5 Nd3+ 49. Kd1 b3 50. Rf8 Nxf2+ 51. Ke1 b2 52. Rb8 Nd3+ 53. Kd1 Rc1+ 0-1